 Dungeon Crawl Stone Soup version 0.29-a0-775-g4d7333d4e2 (webtiles) character file.

Game seed: 7011272188137855902

46 Sabo the Covered (level 3, 33/33 HPs)
             Began as a Minotaur Fighter on July 1, 2022.
             Was a Follower of Vehumet.
             Got out of the dungeon alive.
             The game lasted 00:08:18 (1400 turns).

Sabo the Covered (Minotaur Fighter)                 Turns: 1400, Time: 00:08:18

Health: 33/33      AC: 10    Str: 22    XL:     3   Next: 46%
Magic:  2/2        EV:  9    Int:  5    God:    Vehumet [*.....]
Gold:   55         SH:  4    Dex:  9    Spells: 2/2 levels left

rFire   . . .      SeeInvis .   a - +0 war axe
rCold   . . .      Faith    .   c - +0 buckler
rNeg    . . .      Spirit   .   b - +0 scale mail
rPois   .          Reflect  .   f - +2 hat
rElec   .          Harm     .   (no cloak)
rCorr   .          Rampage  .   l - +0 pair of gloves
Will    .....                   (no boots)
Stlth   ..........              j - amulet of regeneration
HPRegen 0.91/turn               (no ring)
MPRegen 0.08/turn               (no ring)

@: no status effects
A: horns 2, retaliatory headbutt
a: Renounce Religion


You escaped.
You worshipped Vehumet.
Vehumet was aware of your devotion.
You visited 1 branch of the dungeon, and saw 2 of its levels.

You collected 55 gold pieces.

Inventory:

Hand Weapons
 a - a +0 war axe (weapon)
 e - a +0 sling
Missiles
 i - 6 poisoned darts (quivered)
 q - 5 boomerangs
Armour
 b - a +0 scale mail (worn)
 c - a +0 buckler (worn)
 f - a +2 hat (worn)
 l - a +0 pair of gloves (worn)
Jewellery
 j - an amulet of regeneration (around neck)
 p - an amulet of the acrobat
Scrolls
 g - a scroll of teleportation
 k - a scroll of identify
 o - a scroll of silence {unknown}
Potions
 d - a potion of might
 h - a potion of berserk rage
 m - a potion of curing {unknown}
 n - a potion of degeneration {unknown}


   Skills:
 + Level 4.0 Fighting
 + Level 2.8 Axes
 + Level 4.5 Armour
 + Level 0.2 Dodging
 + Level 4.1 Shields


You had 2 spell levels left.
You didn't know any spells.
Your spell library contained the following spells:

 Spells                   Type           Power      Damage    Failure   Level
 Sandblast                Erth           0%         2d4       87%         1
 Sting                    Tmut/Pois      0%         1d3       87%         1
 Poisonous Vapours        Pois/Air       0%         N/A       95%         2
 Olgreb's Toxic Radiance  Pois           0%         N/A       100%        4


Dungeon Overview and Level Annotations

Branches:
Dungeon (2/15)

Altars:
Vehumet


Innate Abilities, Weirdness & Mutations

You have a pair of horns on your head.
You reflexively headbutt those who attack you in melee.


Message History

The adder hisses angrily.
A rat comes into view.
You block the adder's attack.
You closely miss the adder. The adder completely misses you.
You furiously retaliate!
You headbutt the adder. The adder barely misses you.
You hit the adder.
The adder is severely wounded.
The adder closely misses you.
You closely miss the adder.
The adder is severely wounded.
You block the adder's attack. The adder bites you but does no damage.
You miss the adder.
The adder is severely wounded.
The adder barely misses you. You furiously retaliate!
You headbutt the adder. The adder bites you but does no damage.
The rat bites you but does no damage.
You hit the adder but do no damage. Your headbutt misses the adder.
The adder is almost dead.
You hit the rat.
You kill the rat!
The adder bites you but does no damage. You block the adder's attack.
You slash the adder!
You kill the adder!
You see here an adder corpse.
There is a faded altar of an unknown god here.
You see here a scroll of immolation.
You cannot tell which god this altar belongs to.
Convert to them anyway?
Vehumet accepts your prayer! Vehumet welcomes you!
You can now gain magical power from killing.
Vehumet offers you knowledge of Sandblast.
There is a stone staircase leading down here.
There is a stone staircase leading up here.
Okay, then.
You don't know any spells.
You can't go down here!
You climb upwards.
There is a stone staircase leading down here.
There is a staircase leading out of the dungeon here.
Are you sure you want to leave the Dungeon?
This will make you lose the game!
You have escaped!

.#.#.##.##......##.##.# #.##.####
.....##.####.##.##.##.# #.....#
##.####.# #.##.##.##.# ####.##
##'## #.####.......##.######.#
#...###......##.#####........#
.....##########.# ########.# #
......## ##.##.# ###.#.####
.......####...#.########......##.
.......'.(......@............(.'.
.......####(..#.>#######......##.
......## ##.##.## #.#.#..###
.....## ####.# #......# # #...##
####.# #..###.# ##'## #....#
#......# #.# #....# ##.##### #.#
#...## ##.## ##.## ##.##
##...######


There were no monsters in sight!

Vanquished Creatures
  An adder (D:2)
  A worm (D:2)
  6 endoplasms
  A giant cockroach (D:1)
  2 goblins (D:1)
  3 hobgoblins (D:1)
  2 kobolds (D:1)
  2 quokkas (D:1)
  7 ball pythons
  2 bats (D:1)
  2 frilled lizards
  3 rats
32 creatures vanquished.

Notes
Turn   | Place    | Note
-------+----------+-------------------------------------------
     0 | D:1      | Sabo the Minotaur Fighter began the quest for the Orb.
     0 | D:1      | Reached XP level 1. HP: 19/19 MP: 0/0
   167 | D:1      | Reached XP level 2. HP: 27/27 MP: 1/1
  1183 | D:2      | Reached XP level 3. HP: 33/33 MP: 2/2
  1296 | D:2      | Found a faded altar of an unknown god.
  1331 | D:2      | Prayed at the altar of an unknown god.
  1331 | D:2      | Became a worshipper of Vehumet
  1331 | D:2      | Reached * piety under Vehumet
  1331 | D:2      | Offered knowledge of Sandblast by Vehumet.
  1400 | D:$      | Got out of the dungeon alive.

Illustrated notes

Levels and vault maps discovered:
D:1:      dpeg_arrival_tiny_a, layout_loops_corners,
          chequers_serial_rivers_marsh
D:2:      layout_loops_cross, hellmonk_ecumenical_altar_blasted, minivault_11,
          kennysheep_crisscross, lemuel_flame_loot_1

Skill      XL: |  1  2 |
---------------+-------+-----
Shields        | 4 |  4.1
Armour         | 4 |  4.5
Fighting       | 4 |  4.0
Axes           | |  2.8
Dodging        | |  0.2

Action                   || total
-------------------------++-------
Melee: War axe           ||    61
       Headbutt          ||     6
  Use: Scroll            ||     2
Armor: Scale mail        ||    35
Dodge: Dodged            ||    46
Block: Buckler           ||    20

Table legend: (Time is in decaauts)
 A = Elapsed time spent in this place.
 B = Non-inter-level travel time spent in this place.
 C = Inter-level travel time spent in this place.
 D = Time resting spent in this place.
 E = Time spent auto-exploring this place.
 F = Levels seen in this place.
 G = Mean time per level.
                   A        B        C        D        E       F      G
               +--------+--------+--------+--------+--------+-----+--------+
         Total |   1431 |   1431 |      0 |     38 |      0 |   2 |  715.5 |
       Dungeon |   1431 |   1431 |      0 |     38 |      0 |   2 |  715.5 |
               +--------+--------+--------+--------+--------+-----+--------+

Top non-repeatable levels by time:
     D:1: 1248 daAuts
     D:2: 183 daAuts
